[Event "2023 Perth Open"]
[Site "North Woodvale, Perth WA"]
[Date "2023.02.12"]
[Round "4.2"]
[White "Hare, Tim"]
[Black "Gong, Patrick"]
[Result "0-1"]
[WhiteElo "2262"]
[BlackElo "2528"]
[BlackTitle "FM"]
[ECO "A07"]
[EventDate "2023.02.11"]
[EventType "swiss"]
[EventRounds "6"]
[EventCountry "AUS"]
[TimeControl "3600+30"]

1.Nf3 d5 2.g3 Nd7 3.Bg2 e5 4.d3 Ngf6 5.O-O Bd6 6.Nbd2 O-O 7.e4 c6 8.exd5 
cxd5 9.c4 d4 10.a3 a5 11.Ng5 Bc7 12.Nde4 Ne8 13.Nf3 a4 14.Bg5 f6 15.Bd2 f5
16.Bg5 fxe4 17.Bxd8 exf3 18.Bxc7 fxg2 19.Kxg2 Nxc7 20.Re1 b6 21.Qh5 Bb7+ 
22.Kg1 Bf3 23.Qh3 Rf7 24.Rab1 Na6 25.Qe6 Nac5 0-1

[Event "2023 Perth Open"]
[Site "North Woodvale, Perth WA"]
[Date "2023.02.12"]
[Round "4.3"]
[White "Gao, Oscar"]
[Black "Teh, Rui Gen"]
[Result "0-1"]
[WhiteElo "2006"]
[BlackElo "2190"]
[ECO "B34w"]
[EventDate "2023.02.11"]
[EventType "swiss"]
[EventRounds "6"]
[EventCountry "AUS"]
[TimeControl "3600+30"]

1.e4 c5 2.Nf3 g6 3.d4 cxd4 4.Nxd4 Nc6 5.Be2 Bg7 6.Be3 Nf6 7.Nc3 O-O 8.O-O 
d5 9.exd5 Nxd5 10.Nxd5 Nxd4 11.Bxd4 Qxd5 12.Bxg7 Qxd1 13.Raxd1 Kxg7 14.Bf3
Be6 15.b3 Rac8 16.Rd4 b5 17.Be4 Rc5 18.a4 a6 19.axb5 axb5 20.Ra1 Kf6 21.f4
Rfc8 22.Ra6 Rb8 23.Rb4 h6 24.c4 Rd8 25.cxb5 Kg7 26.b6 Bd5 27.Bf3 Bxf3 28.
gxf3 Rc2 29.Ra1 Rdd2 30.Rc4 Rb2 31.Rb4 Rg2+ 32.Kh1 Rxh2+ 33.Kg1 Rbg2+ 34.
Kf1 h5 35.b7 h4 36.Ra2 Rxa2 0-1

[Event "2023 Perth Open"]
[Site "North Woodvale, Perth WA"]
[Date "2023.02.12"]
[Round "4.4"]
[White "Clarke, Daniel"]
[Black "Mueller, Jens"]
[Result "1/2-1/2"]
[WhiteElo "1854"]
[BlackElo "2309"]
[ECO "B27t"]
[EventDate "2023.02.11"]
[EventType "swiss"]
[EventRounds "6"]
[EventCountry "AUS"]
[TimeControl "3600+30"]

1.e4 g6 2.d4 Bg7 3.Nc3 c5 4.Nf3 Qa5 5.Be3 Nf6 6.Qd2 Nc6 7.h3 cxd4 8.Nxd4 
Nxd4 9.Qxd4 O-O 10.Qd2 d6 11.Bd3 Be6 12.O-O Rfd8 13.Nd5 Qxd2 14.Nxf6+ Bxf6
15.Bxd2 d5 16.Be3 b6 17.f4 dxe4 18.Bxe4 Rac8 19.c3 Bc4 20.Rfd1 e6 21.Rac1 
Be2 22.Rxd8+ Rxd8 23.Kf2 Bd3 1/2-1/2

[Event "2023 Perth Open"]
[Site "North Woodvale, Perth WA"]
[Date "2023.02.12"]
[Round "4.5"]
[White "Laubbacher, Jamie"]
[Black "Deng, Eric"]
[Result "1-0"]
[WhiteElo "2179"]
[BlackElo "1730"]
[ECO "E09a"]
[EventDate "2023.02.11"]
[EventType "swiss"]
[EventRounds "6"]
[EventCountry "AUS"]
[TimeControl "3600+30"]

1.d4 d5 2.c4 e6 3.Nf3 c6 4.g3 Nf6 5.Bg2 Nbd7 6.O-O Be7 7.Nbd2 O-O 8.Qc2 
dxc4 9.Nxc4 Nb6 10.Nce5 Nfd7 11.Nd3 Nd5 12.h4 Qb6 13.Bg5 f6 14.Bd2 c5 15.
e4 Nb4 16.Nxb4 cxb4 17.Rac1 e5 18.Qb3+ Kh8 19.dxe5 Nxe5 20.Nxe5 fxe5 21.
Be3 Be6 22.Bxb6 Bxb3 23.axb3 axb6 24.Rc7 Bc5 25.Rd7 Ra2 26.Rd2 h6 27.Bh3 
Bd4 28.Kg2 g5 29.hxg5 hxg5 30.Bf5 Rxb2 31.Rh1+ Kg8 32.Rxb2 Bxb2 33.Rh5 Bc1
34.Rh6 Bd2 35.Rg6+ Kh8 36.Rxb6 Rf7 37.Kf3 Be1 38.Ke2 Bc3 39.Rh6+ Kg7 40.
Rg6+ Kf8 41.Rxg5 Rc7 42.Rh5 Kg8 43.Be6+ Kg7 44.f4 exf4 45.gxf4 Kg6 46.Rb5 
Re7 47.Bd5 Kh5 48.Kf3 Kg6 49.Rxb7 Rxb7 50.Bxb7 Kf6 51.e5+ Kf5 52.Bc8+ Kg6 
53.Ke4 Kf7 54.Kd5 Bd2 55.f5 Bg5 56.Be6+ Ke7 57.f6+ Ke8 58.Bg4 Bh4 59.Bh5+ 
Kd8 60.Ke6 Bg5 61.Kf7 Bf4 62.e6 1-0

[Event "2023 Perth Open"]
[Site "North Woodvale, Perth WA"]
[Date "2023.02.12"]
[Round "4.6"]
[White "Roebuck, Derek"]
[Black "King, David"]
[Result "0-1"]
[WhiteElo "1819"]
[BlackElo "2031"]
[ECO "C54j"]
[EventDate "2023.02.11"]
[EventType "swiss"]
[EventRounds "6"]
[EventCountry "AUS"]
[TimeControl "3600+30"]

1.e4 e5 2.Nf3 Nc6 3.Bc4 Bc5 4.c3 Nf6 5.d4 exd4 6.b4 Bb6 7.e5 d5 8.exf6 
dxc4 9.b5 Na5 10.Qe2+ Be6 11.fxg7 Rg8 12.Bg5 Qd5 13.Bf6 d3 14.Qe5 Qxe5+ 
15.Nxe5 Bc5 16.g4 a6 17.a4 Nb3 18.Ra2 axb5 19.a5 Rxa5 20.Rxa5 Nxa5 21.Nd2 
Nc6 22.Nxc6 bxc6 23.O-O Bxg4 24.Ra1 Kd7 25.Ne4 Be7 26.Ra7 d2 0-1

[Event "2023 Perth Open"]
[Site "North Woodvale, Perth WA"]
[Date "2023.02.12"]
[Round "4.7"]
[White "Gough, Dylan"]
[Black "Andador, Dominador"]
[Result "0-1"]
[WhiteElo "1742"]
[BlackElo "1978"]
[ECO "D45a"]
[EventDate "2023.02.11"]
[EventType "swiss"]
[EventRounds "6"]
[EventCountry "AUS"]
[TimeControl "3600+30"]

1.d4 Nf6 2.c4 e6 3.Nc3 d5 4.e3 c6 5.Nf3 Bb4 6.Bd2 Nbd7 7.cxd5 exd5 8.Bd3 
Qe7 9.O-O O-O 10.a3 Ba5 11.Re1 Bc7 12.e4 dxe4 13.Nxe4 Nxe4 14.Bxe4 Qd8 15.
Bxh7+ Kxh7 16.Ng5+ Kg8 17.Qc2 Nf6 18.Re2 Qd5 19.Rae1 Bf5 20.Qc5 Qxc5 21.
dxc5 Rfe8 22.Re7 Rxe7 23.Rxe7 Rd8 24.Rxc7 Rxd2 25.h3 Nd7 26.Rxb7 f6 27.Nf3
Rd1+ 28.Kh2 Nxc5 29.Rxa7 Nd3 30.Nd4 Be4 31.f3 Bd5 32.Nf5 g5 33.Ne7+ Kf8 
34.Nxd5 cxd5 35.b4 Rb1 36.Rb7 Rb3 37.Ra7 Ne5 38.Kg1 d4 39.Kf2 Nc4 40.Rd7 
d3 41.a4 Rb2+ 42.Ke1 d2+ 43.Ke2 Rxb4 44.a5 Rb5 45.a6 Re5+ 46.Kd1 Re1+ 47.
Kc2 d1=Q+ 48.Rxd1 Ne3+ 49.Kd2 Rxd1+ 50.Kxe3 Ra1 51.f4 Kf7 52.fxg5 fxg5 53.
Ke4 Kf6 0-1

[Event "2023 Perth Open"]
[Site "North Woodvale, Perth WA"]
[Date "2023.02.12"]
[Round "4.8"]
[White "Harirajesh, Barath"]
[Black "Barry, David"]
[Result "1/2-1/2"]
[WhiteElo "1394"]
[BlackElo "1895"]
[ECO "B50m"]
[EventDate "2023.02.11"]
[EventType "swiss"]
[EventRounds "6"]
[EventCountry "AUS"]
[TimeControl "3600+30"]

1.e4 c5 2.Nf3 d6 3.c3 Nf6 4.d3 Nc6 5.Be3 a6 6.h3 b5 7.e5 Nd5 8.exd6 Nxe3 
9.d7+ Qxd7 10.fxe3 Bb7 11.Be2 e6 12.Nbd2 Be7 13.O-O O-O 14.a3 Rad8 15.d4 
b4 16.axb4 cxb4 17.Bxa6 bxc3 18.bxc3 Ba8 19.Bb5 Qc7 20.Qe2 Rb8 21.c4 Bb4 
22.Rfc1 Ne7 23.Ne5 Rfd8 24.Nd3 Bxd2 25.Qxd2 Nf5 26.Ne5 Qxe5 27.Ra3 Qg3 28.
Rca1 Be4 29.R1a2 Nh4 30.Kf1 Ra8 31.Qf2 Qxf2+ 32.Kxf2 Rxa3 33.Rxa3 Ra8 34.
Rxa8+ Bxa8 35.g3 Nf5 36.c5 Kf8 37.g4 Ne7 38.Ke2 Bc6 39.Bd3 h6 40.e4 Ng6 
41.Ke3 Ke7 42.Bc4 Bb7 43.d5 exd5 44.exd5 Ne5 45.Kd4 f6 46.Be2 Kd8 47.c6 
Nxc6+ 48.dxc6 Bxc6 49.h4 g5 50.hxg5 hxg5 51.Ke3 Ke7 52.Kf2 Kd6 53.Kg3 Ke5 
54.Bd3 Kd4 55.Bf5 Be4 56.Bd7 Ke5 57.Bc8 Bd5 58.Bf5 Be6 59.Bd3 Kd4 60.Bc2 
Bxg4 61.Kxg4 Ke5 62.Bb1 Kd6 1/2-1/2

[Event "2023 Perth Open"]
[Site "North Woodvale, Perth WA"]
[Date "2023.02.12"]
[Round "4.9"]
[White "Gulley, Trent"]
[Black "Simonds, Marcus"]
[Result "1-0"]
[WhiteElo "1870"]
[BlackElo "1768"]
[ECO "E62d"]
[EventDate "2023.02.11"]
[EventType "swiss"]
[EventRounds "6"]
[EventCountry "AUS"]
[TimeControl "3600+30"]

1.d4 Nf6 2.c4 g6 3.g3 Bg7 4.Bg2 d6 5.Nc3 O-O 6.Nf3 c6 7.O-O Bg4 8.Qc2 Nbd7
9.b4 Qc7 10.Nd2 Nb6 11.Bb2 Qd7 12.a4 Bh3 13.a5 Bxg2 14.Kxg2 Nc8 15.Rad1 e6
16.e4 Nh5 17.Ne2 f5 18.f4 d5 19.exd5 exd5 20.Nf3 Qe7 21.Ba3 Re8 22.Rfe1 
Nf6 23.Nc3 Qf7 24.Ne5 Qc7 25.Qb3 Rd8 26.b5 Bf8 27.Bxf8 Kxf8 28.a6 Ne7 29.
Qb4 Rd6 30.axb7 Rb8 31.bxc6 Nxc6 32.Nxc6 Qxc6 33.Re6 dxc4+ 34.d5 1-0

[Event "2023 Perth Open"]
[Site "North Woodvale, Perth WA"]
[Date "2023.02.12"]
[Round "4.10"]
[White "Pimenov, Alex"]
[Black "Gupta, Aarnav"]
[Result "1/2-1/2"]
[WhiteElo "1719"]
[BlackElo "1348"]
[ECO "D60"]
[EventDate "2023.02.11"]
[EventType "swiss"]
[EventRounds "6"]
[EventCountry "AUS"]
[TimeControl "3600+30"]

1.d4 d5 2.Nf3 Nf6 3.c4 e6 4.Bg5 Be7 5.e3 O-O 6.Nc3 Nbd7 7.cxd5 Nxd5 8.Bxe7
Qxe7 9.Be2 b6 10.Nxd5 exd5 11.O-O Bb7 12.Rc1 Rfc8 13.Qd2 Nf6 14.Bd3 Ne4 
15.Qe2 c5 16.Ba6 Bxa6 17.Qxa6 Rc7 18.Rfd1 c4 19.Nd2 Nxd2 20.Rxd2 Qd7 21.
Rdc2 Rac8 22.a4 Kf8 23.Rc3 g6 24.h3 1/2-1/2

[Event "2023 Perth Open"]
[Site "North Woodvale, Perth WA"]
[Date "2023.02.12"]
[Round "4.12"]
[White "El-Fayoumi, Adam"]
[Black "McAteer, Ian"]
[Result "1-0"]
[WhiteElo "1288"]
[BlackElo "1822"]
[ECO "B10s"]
[EventDate "2023.02.11"]
[EventType "swiss"]
[EventRounds "6"]
[EventCountry "AUS"]
[TimeControl "3600+30"]

1.e4 c6 2.Nf3 d5 3.Nc3 Nf6 4.Qe2 Bg4 5.h3 Bxf3 6.Qxf3 d4 7.Ne2 e5 8.Ng3 
Nbd7 9.a4 a5 10.Bc4 Qc7 11.O-O Be7 12.Nf5 g6 13.Nh6 Rf8 14.g4 O-O-O 15.
Nxf7 Rde8 16.g5 Nh5 17.Qg4 Kb8 18.d3 Nc5 19.c3 dxc3 20.bxc3 Nxd3 21.Bxd3 
Rxf7 22.Rb1 Nf4 23.Ba6 b6 24.Be3 c5 25.Rb5 Ka7 26.Rfb1 Rb8 27.Bxf4 Rxf4 
28.Qe6 Kxa6 29.Rxa5+ Kb7 30.Rxb6+ Qxb6 31.Rb5 Qxb5 32.Qxe7+ Kb6 33.axb5 
Kxb5 34.Qd7+ Kc4 35.Qd5+ Kb5 36.Qb3+ 1-0

[Event "2023 Perth Open"]
[Site "North Woodvale, Perth WA"]
[Date "2023.02.12"]
[Round "4.13"]
[White "Bui, Anthony"]
[Black "Huang, Hui"]
[Result "0-1"]
[WhiteElo "951"]
[BlackElo "1709"]
[ECO "D70"]
[EventDate "2023.02.11"]
[EventType "swiss"]
[EventRounds "6"]
[EventCountry "AUS"]
[TimeControl "3600+30"]

1.Nf3 Nf6 2.d4 d5 3.c4 g6 4.cxd5 Nxd5 5.e4 Nb6 6.Nc3 Bg7 7.Be2 c5 8.Bb5+ 
Nc6 9.Bxc6+ bxc6 10.dxc5 Bxc3+ 11.bxc3 Qxd1+ 12.Kxd1 Na4 13.Kc2 Nxc5 14.
Re1 f6 15.Ba3 Ne6 16.e5 Kf7 17.exf6 exf6 18.Nd4 Nxd4+ 19.cxd4 Bf5+ 20.Kc3 
Rhe8 21.Rad1 Be4 22.f3 Bd5 23.Kd3 Bxa2 24.Kd2 Bd5 25.Rxe8 Rxe8 26.Re1 Rxe1
27.Kxe1 Ke6 28.Kf2 h5 29.Ke3 g5 30.g3 Bc4 31.h4 Kf5 32.Bc5 a5 33.Ba3 g4 
34.f4 Ke6 35.Ke4 f5+ 36.Ke3 Kd5 37.Bc5 a4 38.Ba3 Bb5 39.Bc5 Kc4 40.Kd2 Kb3
41.Kc1 Bd3 42.Kd2 Be4 43.Kc1 a3 44.d5 cxd5 45.Bd4 Kc4 46.Ba1 Kd3 47.Kd1 
Ke3 48.Ke1 Kf3 49.Kf1 Kxg3 50.Be5 Kxh4 51.Kg1 Kg3 52.Bd4 a2 53.Be5 h4 54.
Bd4 Kxf4 55.Kh2 Kf3 56.Kg1 Ke2 57.Kh2 f4 58.Bf2 g3+ 59.Bxg3 hxg3+ 60.Kh3 
a1=Q 61.Kg4 Qg7+ 62.Kh3 g2 0-1

[Event "2023 Perth Open"]
[Site "North Woodvale, Perth WA"]
[Date "2023.02.12"]
[Round "4.14"]
[White "Gough, Sebastian"]
[Black "Ng, Erick"]
[Result "0-1"]
[WhiteElo "1080"]
[BlackElo "1642"]
[ECO "D35a"]
[EventDate "2023.02.11"]
[EventType "swiss"]
[EventRounds "6"]
[EventCountry "AUS"]
[TimeControl "3600+30"]

1.d4 d5 2.c4 e6 3.Nc3 Nf6 4.Bf4 Bb4 5.Qc2 O-O 6.e3 Nbd7 7.c5 Re8 8.Bd3 e5 
9.Bxe5 Nxe5 10.dxe5 Rxe5 11.Nf3 d4 12.Nxe5 dxc3 13.bxc3 Bxc5 14.O-O-O Qe7 
15.Nf3 h6 16.Nh4 b5 17.Bxb5 Rb8 18.Nf5 Bxf5 19.Qxf5 Rxb5 20.Qc8+ Kh7 21.
Qf5+ g6 22.Qc2 Ne4 23.Qa4 Nxc3 24.Qa6 Rb1+ 25.Kc2 Rxd1 26.Rxd1 Nxd1 27.
Kxd1 Qd7+ 28.Ke1 Qg4 29.Qf6 Bb4+ 30.Kf1 Qd1# 0-1

[Event "2023 Perth Open"]
[Site "North Woodvale, Perth WA"]
[Date "2023.02.12"]
[Round "4.17"]
[White "Ley, Nick"]
[Black "Cavosie-Pletsch, Yasmina"]
[Result "1-0"]
[WhiteElo "695"]
[BlackElo "1338"]
[ECO "D02p"]
[EventDate "2023.02.11"]
[EventType "swiss"]
[EventRounds "6"]
[EventCountry "AUS"]
[TimeControl "3600+30"]

1.Nf3 Nf6 2.d4 e6 3.Bf4 d5 4.e3 c5 5.Nc3 Nc6 6.Nb5 e5 7.Nxe5 Nxd4 8.exd4 
Bd6 9.Nxd6+ Qxd6 10.Bb5+ Nd7 11.Qg4 Qe7 12.Qxg7 Rf8 13.O-O a6 14.Nxd7 Bxd7
15.Rfe1 axb5 16.Rxe7+ Kxe7 17.Rd1 Be6 18.dxc5 Kd7 19.Qe5 1-0

[Event "2023 Perth Open"]
[Site "North Woodvale, Perth WA"]
[Date "2023.02.12"]
[Round "4.18"]
[White "Kerr, Carter"]
[Black "Gupta, Anoushka"]
[Result "0-1"]
[WhiteElo "705"]
[BlackElo "999"]
[ECO "C66"]
[EventDate "2023.02.11"]
[EventType "swiss"]
[EventRounds "6"]
[EventCountry "AUS"]
[TimeControl "3600+30"]

1.e4 e5 2.Nf3 Nc6 3.Bb5 Nf6 4.O-O d6 5.d3 Bg4 6.Bg5 Be7 7.Nc3 Nd7 8.Bxc6 
bxc6 9.Be3 Nb6 10.d4 f6 11.h3 Bh5 12.g4 Bg6 13.Nh4 Bf7 14.Nf5 g6 15.Nh6 
Bc4 16.Re1 Bf8 17.d5 Bxh6 18.Bxh6 g5 19.Qf3 Rg8 20.h4 Rg6 21.hxg5 fxg5 22.
Qh3 Qf6 23.Qh5 Kd7 24.dxc6+ Kxc6 25.b3 Rxh6 26.bxc4 Rxh5 27.gxh5 Rf8 28.
Re2 Qf3 0-1

[Event "2023 Perth Open"]
[Site "North Woodvale, Perth WA"]
[Date "2023.02.12"]
[Round "4.20"]
[White "Gong, Leo"]
[Black "Passmore Bowman, Tobias"]
[Result "0-1"]
[WhiteElo "668"]
[BlackElo "1231"]
[ECO "B24"]
[EventDate "2023.02.11"]
[EventType "swiss"]
[EventRounds "6"]
[EventCountry "AUS"]
[TimeControl "3600+30"]

1.e4 c5 2.Nc3 g6 3.g3 Bg7 4.Bg2 Nc6 5.Nf3 d6 6.O-O Nf6 7.d4 cxd4 8.Nxd4 
Bd7 9.Re1 O-O 10.Be3 Qc7 11.Qd2 Ng4 12.Nxc6 Bxc6 13.Bf4 Ne5 14.Nd5 Bxd5 
15.exd5 Nc4 16.Qb4 a5 17.Qb3 Nxb2 18.Rab1 a4 19.Qb5 a3 20.Bd2 Qxc2 21.Qb4 
Ra4 22.Qb3 Qxd2 23.Bf3 Bf6 24.Re2 Qa5 25.Qxb7 Rb4 26.Qc6 Qc5 27.Qxc5 dxc5 
28.Rc2 c4 29.Rbc1 c3 30.Be2 Rd8 31.Bf3 Bd4 32.Re1 Kf8 33.Rce2 Nd3 34.Rd1 
Nxf2 35.Rxd4 Rxd4 36.Kxf2 Rc4 37.Rc2 Rb8 38.Be2 Rc7 39.Bf3 Rb2 40.Rxb2 
axb2 41.Be4 c2 42.Bxc2 Rxc2+ 43.Ke3 b1=Q 44.a4 Ra2 45.g4 Rxa4 46.h3 Qb3+ 
47.Kd2 Ra2+ 48.Kc1 Qc2# 0-1

[Event "2023 Perth Open"]
[Site "North Woodvale, Perth WA"]
[Date "2023.02.12"]
[Round "5.1"]
[White "Gong, Patrick"]
[Black "Kuybokarov, Temur"]
[Result "1/2-1/2"]
[WhiteElo "2528"]
[WhiteTitle "FM"]
[BlackElo "2725"]
[BlackTitle "GM"]
[ECO "C47k"]
[EventDate "2023.02.11"]
[EventType "swiss"]
[EventRounds "6"]
[EventCountry "AUS"]
[TimeControl "3600+30"]

1.e4 e5 2.Nf3 Nc6 3.Nc3 Nf6 4.d4 Bb4 5.Nxe5 O-O 6.Qd3 Re8 7.Bd2 Nxe5 8.
dxe5 Rxe5 9.O-O-O d6 10.f4 Re8 11.Re1 c6 12.g3 d5 13.exd5 Rxe1+ 14.Bxe1 
Bxc3 15.Bxc3 Qxd5 16.Bxf6 Be6 17.Qxd5 Bxd5 18.Rg1 gxf6 19.Bd3 Re8 20.Kd2 
c5 21.b3 h6 22.a3 a5 23.Rb1 Rc8 24.Re1 Bc6 25.c4 1/2-1/2

[Event "2023 Perth Open"]
[Site "North Woodvale, Perth WA"]
[Date "2023.02.12"]
[Round "5.2"]
[White "Fu, Yihe (Rebo)"]
[Black "Gao, Oscar"]
[Result "1-0"]
[WhiteElo "2356"]
[BlackElo "2006"]
[ECO "C78h"]
[EventDate "2023.02.11"]
[EventType "swiss"]
[EventRounds "6"]
[EventCountry "AUS"]
[TimeControl "3600+30"]

1.e4 e5 2.Nf3 Nc6 3.Bb5 a6 4.Ba4 Nf6 5.O-O b5 6.Bb3 Bc5 7.d3 d6 8.c3 Bb7 
9.Nbd2 O-O 10.h3 Bb6 11.Re1 h6 12.Nf1 Nh5 13.d4 Qf6 14.Ne3 Nf4 15.Nf5 Ne7 
16.Nxe7+ Qxe7 17.Bxf4 exf4 18.Qd2 g5 19.Qd3 c5 20.Bc2 c4 21.Qd1 Qd7 22.Nh2
f6 23.Qh5 Qg7 24.Ng4 Kh7 25.e5+ f5 26.exd6 Bd5 27.Re7 Rf7 28.Bxf5+ Kh8 29.
Ne5 Rxe7 30.dxe7 1-0

[Event "2023 Perth Open"]
[Site "North Woodvale, Perth WA"]
[Date "2023.02.12"]
[Round "5.3"]
[White "King, David"]
[Black "Hare, Tim"]
[Result "0-1"]
[WhiteElo "2031"]
[BlackElo "2262"]
[ECO "B06s"]
[EventDate "2023.02.11"]
[EventType "swiss"]
[EventRounds "6"]
[EventCountry "AUS"]
[TimeControl "3600+30"]

1.e4 d6 2.d4 g6 3.Nc3 Bg7 4.f4 a6 5.Nf3 b5 6.a4 b4 7.Nb1 Bb7 8.Bd3 c5 9.c3
cxd4 10.cxd4 Nf6 11.Nbd2 O-O 12.O-O Nc6 13.Qe2 Qb6 14.Nb3 e5 15.Kh1 Nxd4 
16.Nfxd4 exd4 17.Nd2 Rae8 18.Qf3 Nd7 19.f5 d5 20.a5 Qc7 21.Bb1 Nf6 22.e5 
Qxe5 23.Nb3 Ne4 24.Ra4 Qd6 25.Bf4 Be5 26.Bxe5 Rxe5 27.fxg6 hxg6 28.Bd3 Rf5
0-1

[Event "2023 Perth Open"]
[Site "North Woodvale, Perth WA"]
[Date "2023.02.12"]
[Round "5.4"]
[White "Teh, Rui Gen"]
[Black "Gulley, Trent"]
[Result "1-0"]
[WhiteElo "2190"]
[BlackElo "1870"]
[ECO "C00c"]
[EventDate "2023.02.11"]
[EventType "swiss"]
[EventRounds "6"]
[EventCountry "AUS"]
[TimeControl "3600+30"]

1.e4 e6 2.f4 d5 3.e5 c5 4.Nf3 Nc6 5.c3 Nge7 6.Na3 Ng6 7.g3 c4 8.Nc2 Bc5 9.
d3 cxd3 10.Bxd3 f6 11.Qe2 fxe5 12.Bxg6+ hxg6 13.fxe5 O-O 14.Bf4 Qa5 15.b4 
Nxb4 16.cxb4 Bxb4+ 17.Nxb4 Qxb4+ 18.Kf2 Bd7 19.Qd2 Qa3 20.Rhc1 Bc6 21.Qc3 
Qa4 22.Qc2 Qa6 23.Qxg6 Be8 24.Qc2 Bh5 25.Ng5 g6 26.Qc7 Rxf4+ 27.Kg1 Re8 
28.Qh7+ Kf8 29.Qh8+ Ke7 30.Rc7+ Kd8 31.Rc8+ Kxc8 32.Qxe8+ Kc7 33.Nxe6+ Kb6
34.Qd8+ 1-0

[Event "2023 Perth Open"]
[Site "North Woodvale, Perth WA"]
[Date "2023.02.12"]
[Round "5.5"]
[White "Andador, Dominador"]
[Black "Laubbacher, Jamie"]
[Result "1-0"]
[WhiteElo "1978"]
[BlackElo "2179"]
[ECO "B30g"]
[EventDate "2023.02.11"]
[EventType "swiss"]
[EventRounds "6"]
[EventCountry "AUS"]
[TimeControl "3600+30"]

1.e4 c5 2.Nf3 Nc6 3.Bc4 e6 4.c3 Nf6 5.Qe2 Nxe4 6.Qxe4 d5 7.Bxd5 Qxd5 8.
Qxd5 exd5 9.O-O Be7 10.Re1 O-O 11.d4 Bg4 12.Ne5 Nxe5 13.Rxe5 Be6 14.dxc5 
Bxc5 15.Nd2 Rad8 16.Nb3 Bb6 17.Be3 Bc7 18.Rh5 b6 19.Nd4 g6 20.Rh4 Rd7 21.
Bh6 Re8 22.Re1 Bd8 23.Rf4 g5 24.Rf3 g4 25.Rf4 Bc7 26.Rxg4+ Kh8 27.Bg7+ Kg8
28.Bf6+ Kf8 29.Rg7 Bd8 30.Nxe6+ 1-0

[Event "2023 Perth Open"]
[Site "North Woodvale, Perth WA"]
[Date "2023.02.12"]
[Round "5.6"]
[White "Mueller, Jens"]
[Black "Harirajesh, Barath"]
[Result "0-1"]
[WhiteElo "2309"]
[BlackElo "1394"]
[ECO "A45g"]
[EventDate "2023.02.11"]
[EventType "swiss"]
[EventRounds "6"]
[EventCountry "AUS"]
[TimeControl "3600+30"]

1.d4 Nf6 2.Bf4 b6 3.e3 Bb7 4.Nd2 e6 5.h3 Be7 6.Ngf3 O-O 7.Bd3 d5 8.O-O 
Nbd7 9.a4 c5 10.c3 a6 11.Qe2 c4 12.Bc2 Ne4 13.Nxe4 dxe4 14.Nd2 f5 15.Qxc4 
Bd5 16.Qe2 g5 17.Bh2 h5 18.c4 Bb7 19.Qxh5 Kg7 20.Qe2 Rh8 21.f3 exf3 22.
Nxf3 g4 23.hxg4 fxg4 24.Ne5 Nf6 25.Nxg4 Rxh2 26.Nxh2 Bd6 27.Ng4 Qh8 28.
Rxf6 Bh2+ 29.Nxh2 Kxf6 30.Rf1+ Ke7 31.Qf2 Qg7 32.e4 Rh8 33.e5 Ke8 34.g4 
Qxg4+ 0-1

[Event "2023 Perth Open"]
[Site "North Woodvale, Perth WA"]
[Date "2023.02.12"]
[Round "5.7"]
[White "Gunawan, Tjermin"]
[Black "Barry, David"]
[Result "0-1"]
[WhiteElo "1844"]
[BlackElo "1895"]
[ECO "D02r"]
[EventDate "2023.02.11"]
[EventType "swiss"]
[EventRounds "6"]
[EventCountry "AUS"]
[TimeControl "3600+30"]

1.d4 Nf6 2.Nf3 d5 3.g3 e6 4.Bg2 c5 5.c3 Nc6 6.O-O Bd7 7.Bg5 cxd4 8.cxd4 
Be7 9.Nc3 O-O 10.Rc1 Rc8 11.Re1 h6 12.Bf4 Na5 13.Ne5 Be8 14.e4 Bb4 15.f3 
Nc4 16.Nxc4 Rxc4 17.Bf1 Rc8 18.e5 Nd7 19.Bh3 Qa5 20.Qb3 Nb6 21.a3 Bxc3 22.
bxc3 Ba4 23.Qb4 Qa6 24.Bf1 Nc4 25.Rb1 b6 26.Bc1 Rc7 27.Bd3 Rfc8 28.f4 Be8 
29.Re2 Qa4 30.Qxa4 Bxa4 31.Bxc4 Rxc4 32.Bd2 b5 33.Rb4 a6 34.Re1 Bc2 35.Rc1
Be4 36.Kf2 Kf8 37.Ra1 Bc2 38.Rc1 Ba4 39.Rcb1 a5 40.Rxc4 Rxc4 41.Rb2 Ke7 
42.Ke3 Kd7 43.Be1 Kc6 44.Bd2 Bd1 45.Be1 Bg4 46.Bd2 Bf5 47.Ke2 Kb6 48.Be1 
Ka6 49.Kd2 Rc8 50.Ke3 g5 51.Kf3 gxf4 52.Kxf4 Rg8 53.Rf2 h5 54.Rd2 Rg4+ 55.
Ke3 Re4+ 56.Kf2 h4 57.Re2 hxg3+ 58.hxg3 Rg4 59.Ke3 Rg8 60.Rh2 Kb6 61.Rb2 
Kc6 62.Kd2 Rh8 63.Ke3 Rh1 64.Kd2 Rf1 65.Ke2 Rg1 66.Kd2 Be4 67.Kd1 Bf3+ 68.
Kd2 Rh1 69.Rb1 Rh2+ 70.Ke3 Be4 71.Ra1 Rc2 72.Bd2 Rb2 73.Ke2 Bf3+ 74.Ke3 
Be4 75.Ke2 Bf5 76.Ke3 Kd7 77.Be1 Ke8 78.Kf4 Kf8 {White then touched the 
bishop.} 0-1

[Event "2023 Perth Open"]
[Site "North Woodvale, Perth WA"]
[Date "2023.02.12"]
[Round "5.8"]
[White "Chen, Angus"]
[Black "Clarke, Daniel"]
[Result "1/2-1/2"]
[WhiteElo "1719"]
[BlackElo "1854"]
[ECO "C55r"]
[EventDate "2023.02.11"]
[EventType "swiss"]
[EventRounds "6"]
[EventCountry "AUS"]
[TimeControl "3600+30"]

1.e4 e5 2.Nf3 Nc6 3.d4 exd4 4.Bc4 Nf6 5.e5 d5 6.Bb5 Ne4 7.Nxd4 Bd7 8.Bxc6 
bxc6 9.O-O Bc5 10.c3 O-O 11.Nd2 Nxd2 12.Bxd2 Bb6 13.a4 a6 14.Be3 c5 15.Nb3
Qe7 16.f4 f6 17.Nxc5 Bc6 18.b4 fxe5 19.fxe5 Qxe5 20.Rxf8+ Rxf8 21.Qd4 Re8 
22.Qxe5 Rxe5 23.Bd4 Bxc5 24.Bxc5 Re2 25.Bd4 Be8 26.Kf1 Rc2 27.a5 Bb5+ 28.
Kg1 Bd3 29.Re1 Kf7 30.Re3 Bb5 31.Re5 c6 32.Rg5 g6 33.Re5 Bd3 34.Re3 Be4 
35.Rg3 Ke6 1/2-1/2

[Event "2023 Perth Open"]
[Site "North Woodvale, Perth WA"]
[Date "2023.02.12"]
[Round "5.9"]
[White "Wu, Kobe"]
[Black "Harris, Eamon"]
[Result "0-1"]
[WhiteElo "1289"]
[BlackElo "1884"]
[ECO "B15t"]
[EventDate "2023.02.11"]
[EventType "swiss"]
[EventRounds "6"]
[EventCountry "AUS"]
[TimeControl "3600+30"]

1.e4 c6 2.d4 d5 3.Nc3 dxe4 4.Nxe4 Nf6 5.Nxf6+ exf6 6.Nf3 Bd6 7.Bc4 O-O 8.
O-O Bg4 9.h3 Bh5 10.Qd3 Re8 11.Qb3 Bc7 12.c3 b5 13.Bd3 Bxf3 14.gxf3 Qd6 
15.f4 Nd7 16.Be3 Nb6 17.Qb4 Qd7 18.Rfe1 Nd5 19.Qb3 Qxh3 20.Bf1 Qg4+ 21.Bg2
Bxf4 22.Qd1 Qg5 23.Bxf4 Rxe1+ 24.Qxe1 Nxf4 25.Qe4 Nxg2 26.Qxg2 Qxg2+ 27.
Kxg2 Re8 28.a4 a6 29.axb5 axb5 30.Ra6 Rc8 31.b3 Kf8 32.c4 bxc4 33.bxc4 Ke7
34.Kf3 Rc7 35.Ke4 g6 36.f4 f5+ 37.Ke3 h5 38.d5 cxd5 39.cxd5 Rd7 40.Kd4 f6 
41.Re6+ Kf7 42.Kc5 h4 43.Kc6 Rd8 44.Re1 g5 45.fxg5 fxg5 46.d6 Kf6 47.d7 g4
48.Re8 Rxd7 49.Kxd7 h3 50.Kd6 g3 51.Rh8 h2 52.Rh3 g2 53.Rxh2 g1=Q 54.Re2 
Qd4+ 55.Kc6 Qc4+ 56.Kb6 Qxe2 57.Ka5 Qb2 58.Ka4 Ke6 59.Ka5 Kd6 60.Ka6 Kc6 
61.Ka5 Qb5# 0-1

[Event "2023 Perth Open"]
[Site "North Woodvale, Perth WA"]
[Date "2023.02.12"]
[Round "5.10"]
[White "Ng, Erick"]
[Black "Roebuck, Derek"]
[Result "1/2-1/2"]
[WhiteElo "1642"]
[BlackElo "1819"]
[ECO "C55c"]
[EventDate "2023.02.11"]
[EventType "swiss"]
[EventRounds "6"]
[EventCountry "AUS"]
[TimeControl "3600+30"]

1.e4 e5 2.Nf3 Nc6 3.Bc4 Nf6 4.d3 d5 5.exd5 Nxd5 6.Ng5 f6 7.Bxd5 Qxd5 8.
Qh5+ g6 9.Nxh7 gxh5 10.Nxf6+ Kf7 11.Nxd5 Nd4 12.Ne3 Bh6 13.O-O Ke7 14.c3 
Bxe3 15.cxd4 Bxd4 16.Nc3 Bf5 17.Bg5+ Kd7 18.Rad1 b6 19.Kh1 Rhf8 20.f4 Rae8
21.fxe5 Bxd3 22.Rxf8 Rxf8 23.Bf6 Ke6 24.h3 Bxc3 25.bxc3 Bc4 26.a3 Rg8 27.
Kh2 Bd5 28.g3 Rf8 29.Rd4 Rf7 30.g4 hxg4 31.Rxg4 Bb3 32.h4 Kf5 33.Kg3 Rd7 
34.Rg5+ Ke4 35.h5 Rd1 36.Rg4+ Kf5 37.Rf4+ Ke6 38.h6 Rd3+ 39.Kh4 Rd1 40.Kg5
Rg1+ 41.Kh5 Bd1+ 42.Kh4 Rh1+ 43.Kg5 Rg1+ 44.Kh4 1/2-1/2

[Event "2023 Perth Open"]
[Site "North Woodvale, Perth WA"]
[Date "2023.02.12"]
[Round "5.11"]
[White "Simonds, Marcus"]
[Black "Van Burgel, Bradley"]
[Result "1-0"]
[WhiteElo "1768"]
[BlackElo "1622"]
[ECO "A45g"]
[EventDate "2023.02.11"]
[EventType "swiss"]
[EventRounds "6"]
[EventCountry "AUS"]
[TimeControl "3600+30"]

1.d4 Nf6 2.Bf4 g6 3.Nc3 d6 4.Qd2 a6 5.e4 b5 6.a3 Bb7 7.f3 Nbd7 8.Bh6 c5 9.
Bxf8 Kxf8 10.Qh6+ Kg8 11.dxc5 Nxc5 12.O-O-O Rc8 13.e5 Ne8 14.Qh4 Qb6 15.
Nh3 e6 16.Ne4 Nxe4 17.fxe4 dxe5 18.Rd7 Qc6 19.Rd2 Qxe4 20.Qf2 Qc6 21.Ng5 
Rc7 22.h4 h5 23.Rh3 Ng7 24.Rd8+ Ne8 25.Rc3 Qb6 26.Rxe8+ Kg7 27.Qxb6 1-0